 Dungeon Crawl Stone Soup version 0.31-a0-188-g5e087ee2ca (webtiles) character file.

Game seed: 2664710069328889460

77 qw the Shooter (level 4, -4/25 HPs)
             Began as a Deep Elf Hunter on June 23, 2023.
             Slain by Robin
             ... wielding a +0 spear
              (5 damage)
             ... on level 3 of the Dungeon.
             The game lasted 00:00:27 (1386 turns).

qw the Shooter (Deep Elf Hunter)                    Turns: 1386, Time: 00:00:28

Health: -4/25      AC:  5    Str: 13    XL:     4   Next: 14%
Magic:  6/6        EV: 11    Int: 14    God:
Gold:   104        SH:  0    Dex: 20    Spells: 3/3 levels left

rFire   . . .        c - +9 sling of the Stoat {freeze, Str+5}
rCold   . . .        (no shield)
rNeg    . . .        e - +0 ring mail
rPois   .            (no helmet)
rElec   .            (no cloak)
rCorr   .            (no gloves)
SInv    .            (no boots)
Will    .....        (no amulet)
Stlth   +            (no ring)
HPRegen 0.24/turn    (no ring)
MPRegen 0.10/turn

%: no passive effects
@: no status effects
A: no striking features
a: no special abilities


You were on level 3 of the Dungeon.
You visited 1 branch of the dungeon, and saw 3 of its levels.

You collected 104 gold pieces.


   Skills:
 - Level 1.5 Fighting
 + Level 7.5 Ranged Weapons
 - Level 2.4 Dodging
 - Level 1.2 Stealth


You had 3 spell levels left.
You didn't know any spells.
Your spell library was empty.

Inventory:

Hand Weapons
 c - the +9 sling of the Stoat (weapon) {freeze, Str+5}
   (You found it on level 2 of the Dungeon)

   Str:       It affects your strength (+5).
Armour
 e - a +0 ring mail (worn)
Potions
 a - a potion of mutation {unknown}
 d - a potion of invisibility {unknown}
 f - a potion of magic {unknown}
 h - a potion of curing {unknown}

Dungeon Overview and Level Annotations

Branches:
Dungeon (3/15)

Altars:

Annotations:
D:3 Robin


Message History

The sling bullet freezes the goblin.
You kill the goblin!
The hobgoblin hits you. x2; Robin misses you.
You shoot a sling bullet.
The sling bullet hits the hobgoblin but does no damage.
The hobgoblin misses you.
The hobgoblin hits you but does no damage.
Robin hits you but does no damage. The hobgoblin barely misses you.
The hobgoblin hits you but does no damage.
Robin barely misses you.
You shoot a sling bullet. The sling bullet hits the hobgoblin!
The sling bullet freezes the hobgoblin.
You kill the hobgoblin!
The hobgoblin closely misses you.
Robin says, "My goblins will feast on your bones."
Robin hits you from afar with a +0 spear.
You shoot a sling bullet. The sling bullet hits the hobgoblin!
The sling bullet freezes the hobgoblin.
You kill the hobgoblin!
Robin completely misses you.
You shoot a sling bullet. The sling bullet hits the goblin.
The sling bullet freezes the goblin.
You kill the goblin!
Robin hits you from afar with a +0 spear.
You shoot a sling bullet. The sling bullet barely misses Robin.
A kobold comes into view. It is wielding a +0 club.
Robin hits you but does no damage.
You shoot a sling bullet. The kobold shouts!
The sling bullet hits the rat!
The sling bullet freezes the rat.
You kill the rat!
Robin's horned helmet rattles.
Robin hits you from afar with a +0 spear.
You shoot a sling bullet. The sling bullet hits Robin.
The sling bullet freezes Robin.
Robin is heavily wounded.
Robin hits you but does no damage.
Robin points. "Kill!"
Robin hits you from afar with a +0 spear.
You die...

#...>.. #.#
...........#
.........##..## ?
#.............###.#
...................
#.$.....##.....)#
###.....#.#......?#
#.......#....)....##
............@)g))K%.
.............%......
####...........)..##
#...)...###.......#
#.<.....# #.........
#.......# #########.
#..)....# #.......#
#.......#


You could see Robin and a kobold.

Vanquished Creatures
  2 adders (D:2)
  A worm (D:2)
  A dart slug (D:1)
  An orc (D:3)
  A bat (D:1)
  5 endoplasms
  A giant cockroach (D:1)
  13 goblins
  5 hobgoblins
  4 jackals (D:1)
  A quokka (D:1)
  2 ball pythons
  2 frilled lizards
  3 kobolds
  4 rats
46 creatures vanquished.

Notes
Turn   | Place    | Note
-------+----------+-------------------------------------------
     0 | D:1      | qw the Deep Elf Hunter began the quest for the Orb.
     0 | D:1      | Reached XP level 1. HP: 12/12 MP: 3/3
     0 | D:1      | 0 ||| qw: Version: 0.3-a-9-g12657ce
     0 | D:1      | 0 ||| qw: Game counter: 3860
     0 | D:1      | 0 ||| qw: Always use a shield: true
     0 | D:1      | 0 ||| qw: God list: Okawaru
     0 | D:1      | 0 ||| qw: Allow faded altars: false
     0 | D:1      | 0 ||| qw: Do Orc after D:15 true
     0 | D:1      | 0 ||| qw: Do second Lair branch before Depths: true
     0 | D:1      | 0 ||| qw: Lair rune preference: random
     0 | D:1      | 0 ||| qw: Plans: Normal
     0 | D:1      | 0 ||| PLANNING D:1-11
    50 | D:1      | Reached XP level 2. HP: 16/16 MP: 4/4
    52 | D:1      | Reached skill level 6 in Ranged Weapons
   195 | D:1      | Found a faded altar of an unknown god.
   294 | D:1      | 294 ||| FLEEEEING.
   295 | D:1      | 295 ||| FLEEEEING.
   312 | D:1      | 312 ||| FLEEEEING.
   313 | D:1      | 313 ||| FLEEEEING.
   314 | D:1      | 314 ||| FLEEEEING.
   315 | D:1      | 315 ||| FLEEEEING.
   316 | D:1      | 316 ||| FLEEEEING.
   647 | D:1      | 647 ||| UPGRADING to +0 ring mail.
   657 | D:1      | 657 ||| DROPPING +0 leather armour.
   658 | D:1      | 658 ||| READING scroll labelled CATWOROAPODU.
   659 | D:1      | 659 ||| READING scroll labelled BEOFI CIHUBUMN.
   660 | D:1      | 660 ||| READING scroll labelled XAS CIPHUASM.
   665 | D:1      | 665 ||| DROPPING scroll of butterflies.
   725 | D:2      | Identified the +9 sling of the Stoat {freeze, Str+5}
   727 | D:2      | 727 ||| SWAPPING to +9 sling of the Stoat {freeze, Str+5}.
   728 | D:2      | 728 ||| DROPPING +0 shortbow.
   904 | D:2      | Reached XP level 3. HP: 20/20 MP: 5/5
  1132 | D:2      | Reached skill level 7 in Ranged Weapons
  1332 | D:2      | 1332 ||| READING scroll labelled SEOTZAFRIS.
  1333 | D:2      | 1333 ||| READING scroll labelled BEPASOE YXYA.
  1334 | D:2      | 1334 ||| READING scroll labelled PERCHEKHLIHAPS.
  1373 | D:3      | Noticed Robin
  1376 | D:3      | Reached XP level 4. HP: 15/25 MP: 6/6
  1381 | D:3      | HP: 6/25 [Robin/+0 spear (3)]
  1385 | D:3      | HP: 1/25 [Robin/+0 spear (4)]
  1386 | D:3      | Slain by Robin

Levels and vault maps discovered:
D:1:      amcnicky_arrival_feature_with_door, layout_basic,
          ebering_ecumenical_altar_box
D:2:      layout_basic
D:3:      layout_rooms, serial_shops, nicolae_shop_advertising_works
          [nicolae_subvault_shop_adworks], hangedman_feature_mirror,
          uniq_crazy_yiuf_cottage, uniq_jessica, uniq_robin

Skill      XL: |  1  2  3 |
---------------+----------+-----
Ranged Weapons | 6 7 |  7.5
Fighting       | |  1.5
Dodging        | |  2.4
Stealth        | |  1.2

Action                     |  1- 3 |  4- 6 || total
---------------------------+-------+-------++-------
   Fire: Shortbow          |    47 |       ||    47
         Sling             |    25 |    11 ||    36
    Use: Scroll            |     6 |       ||     6
 Armour: Leather armour    |     1 |       ||     1
         Ring mail         |     7 |     6 ||    13
  Dodge: Dodged            |    11 |    11 ||    22

Table legend:
 A = Non-vault XP
 B = Vault XP
 C = Vault XP percentage of total XP
 D = Non-vault monster count
 E = Vault monster count
 F = Vault count percentage of total count
                 A         B        C        D         E       F
            +---------+---------+-------+---------+---------+-------
      Total |      90 |      21 |  18.9 |      35 |      11 |  23.9
            +---------+---------+-------+---------+---------+-------
        D:1 |      35 |       0 |   0.0 |      18 |       0 |   0.0
        D:2 |      41 |       0 |   0.0 |       9 |       0 |   0.0
        D:3 |      14 |      21 |  60.0 |       8 |      11 |  57.9
            +---------+---------+-------+---------+---------+-------
